 Dungeon Sprint DCSS version 0.30-a0-996-ga6910c8ee8 (webtiles) character file.

Game seed: 15982848988845946761

121 rocky1 the Cudgeller (level 5, -6/57 HPs)
             Began as an Ogre Gladiator on Apr 5, 2023.
             Mangled by a shadow (8 damage)
             ... in the Dungeon (Sprint III: "The Ten Rune Challenge").
             The game lasted 00:02:45 (908 turns).

rocky1 the Cudgeller (Ogre Gladiator)                Turns: 908, Time: 00:02:46

Health: -6/57      AC:  3    Str: 19    XL:     5   Next: 5%
Magic:  5/5        EV: 11    Int: 13    God:
Gold:   31         SH:  4    Dex: 11    Spells: 4/4 levels left

rFire   . . .      SeeInvis .    a - +0 flail
rCold   . . .      Faith    .    (no shield)
rNeg    . . .      Spirit   .    b - +0 robe
rPois   .          Reflect  .    c - +0 hat
rElec   .          Rampage  .    (no cloak)
rCorr   .          NoTele   +    (gloves unavailable)
Will    .....                    (boots unavailable)
Stlth   ++                       (no amulet)
HPRegen 0.29/turn                (no ring)
MPRegen 0.09/turn                (no ring)

@: hasted, very quick
A: large, unfitting armour, tough skin 1, large bone plates 1, thin skeletal
structure 1, clever 1
a: no special abilities


You were in the Dungeon.
You visited 1 branch You collected 31 gold pieces.

Inventory:

Hand Weapons
 a - a +0 flail (weapon)
Missiles
 d - a throwing net (quivered)
Armour
 b - a +0 robe (worn)
 c - a +0 hat (worn)
Scrolls
 k - a scroll of blinking
 l - 2 scrolls of poison {unknown}
 m - 4 scrolls of identify
Potions
 f - a potion of curing
 i - 2 potions of magic
 n - 4 potions of flight
 o - 4 potions of mutation


   Skills:
 + Level 5.0 Fighting
 + Level 6.3 Maces & Flails
 - Level 3.8 Throwing
 + Level 5.3 Dodging
 - Level 0.9 Stealth
 + Level 0.3 Shields


You had 4 spell levels left.
You didn't know any spells.
Your spell library was empty.

Dungeon Overview and Level Annotations

Branches:
Dungeon (1/1)

Altars:


Innate Abilities, Weirdness & Mutations

You are too large for most types of armour.
You have tough skin. (AC +1)
You are partially covered in large bone plates. (SH +4)
You have a somewhat thin skeletal structure. (Dex +2, Stealth+)
Your mind is acute. (Int +4, Str/Dex -1)


Message History

The shadow is heavily damaged.
The shadow closely misses you.
You closely miss the shadow.
The shadow is heavily damaged.
The shadow slips into darkness.
The shadow flickers and vanishes!
Deactivating autopickup; reactivate with Ctrl-A.
You barely miss something.
The shadow strikes at you from the darkness!
* * * LOW HITPOINT WARNING * * *
Reactivating autopickup.
You feel yourself speed up. The shadow hits you.
You closely miss the shadow.
The shadow is heavily damaged.
The shadow closely misses you.
You barely miss the shadow.
The shadow is heavily damaged.
You block the shadow's attack.
You closely miss the shadow.
The shadow is heavily damaged.
You hit the shadow.
The shadow is severely damaged.
The shadow barely misses you.
You closely miss the shadow.
The shadow is heavily damaged.
You block the shadow's attack.
You closely miss the shadow.
The shadow is heavily damaged.
The shadow hits you!
* * * LOW HITPOINT WARNING * * *
You hit the shadow.
The shadow is severely damaged.
You hit the shadow but do no damage.
The shadow is severely damaged.
The shadow hits you.
* * * LOW HITPOINT WARNING * * *
You hit the shadow.
The shadow is severely damaged.
The shadow hits you!
You die...

▓▓ ▓▓▓ .♣♣ ♣.# ..♣
♣.# .♣♣ ♣.# ~♣♣♣
♣.###+#+###+##
~♣.♣♣♣.#..........#
~~♣..♣.'.⌠........#
≈~~~♣..#...######'#
~~~....#.⌠.# #W@.#
~~.....#...# #...#
.......#+### #...#
.......# #...+
.......# +..(#
▓▓▓▓▓▓▓▓ ▓▓▓▓▓


You could see a shadow.

Vanquished Creatures
  A water elemental (D)
  A jelly (D)
  A human (D)
  A wolf (D)
  An endoplasm (D)
  3 rats (D)
8 creatures vanquished.

Notes
Turn   | Place    | Note
-------+----------+-------------------------------------------
     0 | D        | rocky1 the Ogre Gladiator began the quest for the Orb.
     0 | D        | Reached XP level 1. HP: 22/22 MP: 1/1
     9 | D        | Reached skill level 3 in Maces & Flails
   176 | D        | Noticed a wolf
   184 | D        | Killed a wolf
   185 | D        | Reached skill level 4 in Maces & Flails
   185 | D        | Reached XP level 2. HP: 25/31 MP: 2/2
   209 | D        | Gained mutation: Your mind is acute. (Int +4, Str/Dex -1)
                  | [potion of mutation]
   209 | D        | Gained mutation: You are partially covered in large bone
                  | plates. (SH +4) [potion of mutation]
   209 | D        | Gained mutation: You have a somewhat thin skeletal
                  | structure. (Dex +2, Stealth+) [potion of mutation]
   341 | D        | Reached XP level 3. HP: 22/39 MP: 3/3
   582 | D        | Noticed a water elemental
   587 | D        | Killed a water elemental
   588 | D        | Reached skill level 5 in Maces & Flails
   588 | D        | Reached skill level 5 in Dodging
   588 | D        | Reached XP level 4. HP: 34/49 MP: 4/4
   787 | D        | Reached skill level 5 in Fighting
   787 | D        | Reached skill level 6 in Maces & Flails
   787 | D        | Reached XP level 5. HP: 57/57 MP: 5/5
   887 | D        | Noticed a shadow
   907 | D        | HP: 2/57 [shadow (4)]
   908 | D        | Mangled by a shadow

Illustrated notes

Levels and vault maps discovered:
D:        dungeon_sprint_mu [sprint_mu_entry_forest, sprint_mu_temple_rooms,
          sprint_mu_d1_spiders, sprint_mu_d2_genie, sprint_mu_d3_branching,
          sprint_mu_orc_legion, sprint_mu_elf_gauntlet, sprint_mu_hive_nellie,
          sprint_mu_lair_fedhas, sprint_mu_vaults_butterflies,
          sprint_mu_slime_circle, sprint_mu_shoals_archi,
          sprint_mu_snake_twists, sprint_mu_blade_basic,
          sprint_mu_crypt_chambers, sprint_mu_tomb_spiral,
          sprint_mu_vestibule_basic, sprint_mu_gehenna_hellfire,
          sprint_mu_dis_giant, sprint_mu_tartarus_statrot,
          sprint_mu_cocytus_islands, sprint_mu_zot1]

Skill      XL: |  1  2  3  4 |
---------------+-------------+-----
Maces & Flails | 4 5 6 |  6.3
Dodging        | 3 4 5 |  5.3
Fighting       | 3 4 5 |  5.0
Throwing       | 3 |  3.8
Stealth        | |  0.9
Shields        | |  0.3

Action                     |  1- 3 |  4- 6 || total
---------------------------+-------+-------++-------
  Melee: Flail             |    23 |    19 ||    42
  Throw: Throwing net      |     5 |       ||     5
         Large rock        |     1 |     1 ||     2
    Use: Potion            |     2 |     2 ||     4
   Stab: Held in net/web   |     1 |       ||     1
 Armour: Robe              |     3 |     2 ||     5
  Dodge: Dodged            |     7 |     3 ||    10
  Block: Other             |     2 |     2 ||     4

Table legend: (Time is in decaauts)
 A = Elapsed time spent in this place.
 B = Non-inter-level travel time spent in this place.
 C = Inter-level travel time spent in this place.
 D = Time resting spent in this place.
 E = Time spent auto-exploring this place.
 F = Levels seen in this place.
 G = Mean time per level.
                   A        B        C        D        E       F      G
               +--------+--------+--------+--------+--------+-----+--------+
         Total |    920 |    920 |      0 |    747 |      0 |   1 |  920.0 |
       Dungeon |    920 |    920 |      0 |    747 |      0 |   1 |  920.0 |
               +--------+--------+--------+--------+--------+-----+--------+

Top non-repeatable levels by time:
       D: 920 daAuts
